 Dungeon Crawl Stone Soup version 0.27-a0-1548-gf8a67e7463 (webtiles) character file.

Game seed: 14065895256873161359

30 Lemonice the Covert (level 3, -6/35 HPs)
             Began as a Gnoll Delver on July 14, 2021.
             Mangled by an iguana (10 damage)
             ... on level 5 of the Dungeon.
             The game lasted 00:00:41 (304 turns).

Lemonice the Covert (Gnoll Delver)                   Turns: 304, Time: 00:00:41

Health: -6/35      AC:  4    Str: 12    XL:     3   Next: 20%
Magic:  3/3        EV: 13    Int:  9    God:
Gold:   12         SH:  0    Dex: 13    Spells: 3/3 levels left

rFire    . . .     SeeInvis .   a - +0 falchion
rCold    . . .     Faith    .   (no shield)
rNeg     . . .     Spirit   .   b - +0 leather armour
rPois    .         Reflect  .   (no helmet)
rElec    .         Harm     .   h - +0 cloak
rCorr    .         Rampage  .   (no gloves)
Will     .....                  (no boots)
Stlth    ++++......             (no amulet)
HPRegen  0.11/turn              (no ring)
MPRegen  0.08/turn              (no ring)

@: no status effects
A: fangs 1, strong nose, distributed training
a: no special abilities


You were on level 5 of the Dungeon.
You visited 1 branch of the dungeon, and saw 1 of its levels.

You collected 12 gold pieces.

Inventory:

Hand Weapons
 a - a +0 falchion (weapon)
Armour
 b - a +0 leather armour (worn)
 h - a +0 cloak (worn)
Wands
 g - a wand of digging (3)
Scrolls
 c - a scroll of fog
 d - a scroll of blinking {unknown}
 e - a scroll of fear
Potions
 f - a potion of haste


   Skills:
 + Level 6.5 Fighting
 + Level 0.6 Short Blades
 + Level 4.5 Long Blades
 + Level 0.6 Axes
 + Level 0.6 Maces & Flails
 + Level 0.6 Polearms
 + Level 0.6 Staves
 + Level 0.6 Slings
 + Level 0.6 Bows
 + Level 0.6 Crossbows
 + Level 0.6 Throwing
 + Level 0.6 Armour
 + Level 4.5 Dodging
 + Level 9.5 Stealth
 + Level 0.6 Shields
 + Level 0.6 Unarmed Combat
 + Level 0.6 Spellcasting
 + Level 0.4 Conjurations
 + Level 0.4 Hexes
 + Level 0.4 Summonings
 + Level 0.4 Necromancy
 + Level 0.4 Translocations
 + Level 0.4 Transmutations
 + Level 0.4 Fire Magic
 + Level 0.4 Ice Magic
 + Level 0.4 Air Magic
 + Level 0.4 Earth Magic
 + Level 0.4 Poison Magic
 + Level 0.8 Invocations
 + Level 0.6 Evocations


You had 3 spell levels left.
You didn't know any spells.
Your spell library was empty.

Dungeon Overview and Level Annotations

Branches:
Dungeon (5/15)
 Temple: D:4-7

Altars:


Innate Abilities, Weirdness & Mutations

You have very sharp teeth.
Your uncanny sense of smell can sniff out nearby items.
Your experience applies equally to all skills.


Message History

You hit the iguana but do no damage.
The iguana is lightly wounded.
The iguana closely misses you.
You riposte.
You hit the iguana. You bite the iguana, but do no damage.
The iguana is heavily wounded.
You closely miss the iguana. Your bite misses the iguana.
The iguana is heavily wounded.
The iguana barely misses you.
You hit the iguana but do no damage.
The iguana is heavily wounded.
The iguana bites you.
You hit the iguana.
The iguana is severely wounded.
The iguana closely misses you.
You hit the iguana but do no damage.
The iguana is severely wounded.
The iguana bites you!
You hit the iguana but do no damage.
The iguana is severely wounded.
The iguana bites you but does no damage.
You hit the iguana but do no damage.
The iguana is severely wounded.
The iguana bites you.
You closely miss the iguana.
The iguana is severely wounded.
The iguana closely misses you.
You hit the iguana but do no damage.
The iguana is severely wounded.
The iguana bites you but does no damage.
You hit the iguana but do no damage.
The iguana is severely wounded.
The iguana closely misses you.
You hit the iguana.
The iguana is almost dead.
The iguana completely misses you. The iguana bites you!
* * * LOW HITPOINT WARNING * * *
You closely miss the iguana. Your bite misses the iguana.
The iguana is almost dead.
The iguana bites you!
You die...

#..,,,,,,,,,,,* *,**
#.#**,********* *,,*
#.# *,* **,* #.# #.*
*,* #.# #.* *,* #.# #.*
*,* #.# #.## *,* #.#
#..############******,*
#.#
*#....l@.....(.,,,,,,,*
#.#
#..###########********
#.# #..# ###.####.l##
#..........# ***
#.#.####...# **,**
#.#.# #...#***,*,**
####.#.#**#>....,,,,*,*
.......#*,....###*,,,**


You could see an iguana.

Vanquished Creatures
  A centaur skeleton (D:5)
1 creature vanquished.

Notes
Turn   | Place    | Note
-------+----------+-------------------------------------------
     0 | D:5      | Reached skill level 9 in Stealth
     0 | D:5      | Lemonice the Gnoll Delver began the quest for the Orb.
     0 | D:5      | Reached XP level 1. HP: 23/23 MP: 1/1
    32 | D:5      | HP: 1/23 [centaur skeleton (4)]
    34 | D:5      | Reached XP level 2. HP: 1/29 MP: 2/2
    34 | D:5      | Reached XP level 3. HP: 2/35 MP: 3/3
   304 | D:5      | Mangled by an iguana

Illustrated notes

Levels and vault maps discovered:
D:5:      layout_loops_ring, makhleb_altar_promises_db

Skill      XL: | |
---------------+-+-----
Stealth        | |  9.5
Fighting       | |  6.5
Short Blades   | |  0.6
Long Blades    | |  4.5
Axes           | |  0.6
Maces & Flails | |  0.6
Polearms       | |  0.6
Staves         | |  0.6
Slings         | |  0.6
Bows           | |  0.6
Crossbows      | |  0.6
Throwing       | |  0.6
Armour         | |  0.6
Dodging        | |  4.5
Shields        | |  0.6
Unarmed Combat | |  0.6
Spellcasting   | |  0.6
Conjurations   | |  0.4
Hexes          | |  0.4
Summonings     | |  0.4
Necromancy     | |  0.4
Translocations | |  0.4
Transmutations | |  0.4
Fire Magic     | |  0.4
Ice Magic      | |  0.4
Air Magic      | |  0.4
Earth Magic    | |  0.4
Poison Magic   | |  0.4
Invocations    | |  0.8
Evocations     | |  0.6

Action                   || total
-------------------------++-------
Melee: Falchion          ||    28
       Bite              ||     3
  Use: Scroll            ||     1
 Stab: Sleeping          ||     1
Armor: Leather armour    ||     8
Dodge: Dodged            ||    22
       Rpst.: Falchion   ||     5

Table legend: (Time is in decaauts)
 A = Elapsed time spent in this place.
 B = Non-inter-level travel time spent in this place.
 C = Inter-level travel time spent in this place.
 D = Time resting spent in this place.
 E = Time spent auto-exploring this place.
 F = Levels seen in this place.
 G = Mean time per level.
                   A        B        C        D        E       F      G
               +--------+--------+--------+--------+--------+-----+--------+
         Total |    306 |    306 |      0 |      0 |    206 |   1 |  306.0 |
       Dungeon |    306 |    306 |      0 |      0 |    206 |   1 |  306.0 |
               +--------+--------+--------+--------+--------+-----+--------+

Top non-repeatable levels by time:
     D:5: 306 daAuts
